 Dungeon Crawl Stone Soup version 0.29.1-2-gbd0b4ee654 (webtiles) character file.

Game seed: 8228139552559137492

10896 croobank the Summoner (level 11, 0/77 HPs)
             Began as an Octopode Summoner on Nov 2, 2022.
             Was an Initiate of Gozag.
             Slain by a yak (6 damage)
             ... on level 10 of the Dungeon.
             The game lasted 01:10:14 (17022 turns).

croobank the Summoner (Octopode Summoner)          Turns: 17022, Time: 01:10:15

Health: 0/77       AC:  1    Str: 19    XL:     11   Next: 69%
Magic:  13/22      EV: 17    Int: 19    God:    Gozag
Gold:   78         SH:  0    Dex: 14    Spells: 12/25 levels left

rFire   + + +      SeeInvis +   a - +4 scimitar of Famine {vorpal, rF+++ Str+6 Int-2}
rCold   . . .      Faith    .   (no shield)
rNeg    . . .      Spirit   .   (helmet restricted)
rPois   .          Reflect  .   (no amulet)
rElec   .          Harm     .   i - ring of resist corrosion
rCorr   +          Rampage  .   b - ring of see invisible
Will    .....                   K - +6 ring of strength
Stlth   +++.......              (no ring)
HPRegen 0.22/turn               (no ring)
MPRegen 0.18/turn               (no ring)
                                (no ring)
                                (no ring)

@: no status effects
A: almost no armour, amphibious, 8 rings, camouflage 1, gelatinous body 1,
(nimble swimmer 1), tentacles
a: Renounce Religion, Potion Petition, Call Merchant, Bribe Branch


You were on level 10 of the Dungeon.
You worshipped Gozag.
Gozag was noncommittal.
You visited 2 branches of the dungeon, and saw 11 of its levels.

You collected 1364 gold pieces.
You spent 766 gold pieces at shops.
You paid 520 gold pieces to Gozag.

Inventory:

Hand Weapons
 a - the +4 scimitar of Famine (weapon) {vorpal, rF+++ Str+6 Int-2}
   (You acquired it on level 10 of the Dungeon)

   It inflicts extra damage upon your enemies.
   Str:       It affects your strength (+6).
   Int:       It affects your intelligence (-2).
   rF:        It renders you almost immune to fire.
 f - a +2 dagger of venom
 s - a +2 hand axe
 w - a +5 quarterstaff of chaos
 x - a +0 hand axe of flaming
 B - a +2 falchion
 C - a +1 vampiric spear
 D - a +6 trident of protection
 I - a +0 antimagic whip
 J - a +0 short sword of flaming
Missiles
 c - 35 poisoned darts
 e - 3 javelins
 r - 5 atropa-tipped darts
 A - a silver boomerang
Magical Staves
 k - a staff of air
Jewellery
 b - a ring of see invisible (right tentacle)
 i - a ring of resist corrosion (left tentacle)
 K - a +6 ring of strength (on tentacle)
Wands
 o - a wand of mindburst (14)
 p - a wand of charming (12)
Scrolls
 d - 2 scrolls of magic mapping
 j - 5 scrolls of teleportation
 l - a scroll of immolation
 v - a scroll of poison {unknown}
 y - a scroll of silence
 F - a scroll of amnesia
 G - a scroll of vulnerability {unknown}
Potions
 g - 3 potions of flight
 h - a potion of mutation {unknown}
 q - a potion of attraction
 t - a potion of ambrosia
 u - a potion of brilliance
 z - a potion of lignification {unknown}
 E - a potion of might
 H - a potion of magic
 L - a potion of curing


   Skills:
 - Level 8.2 Fighting
 * Level 8.4 Dodging
 - Level 2.6 Stealth
 * Level 7.8 Spellcasting
 * Level 9.1 Summonings
 + Level 5.5 Transmutations
 + Level 5.5 Air Magic


You had 12 spell levels left.
You knew the following spells:

 Your Spells              Type           Power      Damage    Failure   Level
a - Summon Small Mammal   Summ           100%       N/A       1%          1
b - Call Imp              Summ           42%        N/A       1%          2
c - Call Canine Familiar  Summ           42%        N/A       1%          3
d - Summon Guardian Gole  Hex/Summ       24%        N/A       4%          3
e - Summon Lightning Spi  Summ/Air       35%        N/A       4%          4

Your spell library contained the following spells:

 Spells                   Type           Power      Damage    Failure   Level
 Wereblood                Tmut           28%        N/A       1%          2
 Magic Dart               Conj           28%        1d4       10%         1
 Necrotise                Necr           28%        1d5       10%         1
 Mephitic Cloud           Conj/Pois/Air  14%        N/A       13%         3
 Sublimation of Blood     Necr           7%         N/A       14%         2
 Confusing Touch          Hex            7%         N/A       28%         3
 Portal Projectile        Hex/Tloc       14%        N/A       28%         3
 Vampiric Draining        Necr           7%         2d6       28%         3
 Yara's Violent Unravell  Hex/Tmut       8%         3d5       63%         5
 Leda's Liquefaction      Hex/Erth       3%         N/A       67%         4
 Summon Hydra             Summ           21%        N/A       88%         7
 Agony                    Necr           7%         N/A       95%         5
 Borgnjor's Vile Clutch   Necr/Erth      3%         N/A       95%         5
 Death Channel            Necr           3%         N/A       100%        6
 Enfeeble                 Hex            3%         N/A       100%        7
 Storm Form               Tmut/Air       14%        N/A       100%        7
 Maxwell's Capacitive Co  Air            14%        ∞         100%        8
 Animate Dead             Necr           Unusable   N/A       N/A         4

Dungeon Overview and Level Annotations

Branches:
Dungeon (10/15)            Temple (1/1) D:7            Lair (0/5) D:8
    Orc: D:9-12

Altars:
Ashenzari
Cheibriados
Dithmenos
Elyvilon
Fedhas
Gozag
Hepliaklqana
Makhleb
Nemelex Xobeh
Okawaru
Qazlal
Ru
Sif Muna
Trog
Uskayaw
Vehumet
Wu Jian
Xom
Yredelemnul
Zin
The Shining One

Shops:
D:1 *   D:6 (


Innate Abilities, Weirdness & Mutations

You cannot wear most types of armour.
You are amphibious.
You can wear up to eight rings at the same time.
Your skin changes colour to match your surroundings (Stealth+).
Your rubbery body absorbs attacks. (AC +1, EV +1)
((You are camouflaged when in or above water. (Stealth+)))
You have tentacles for arms and can constrict up to eight enemies at once.


Message History

Unknown command.
(D) Dungeon (T) Temple (L) Lair
Where to? (? - help)
Okay, then.
You currently need 800 gold to open negotiations with a merchant.
The yak gores your wolf!
Your wolf bites the yak.
You hear a bellow!
Casting: Call Canine Familiar (safe; 1% risk of failure)
Confirm with . or Enter, or press ? or * to list all spells.
An electric hum fills the air.
Your wolf closely misses the yak.
The yak barely misses your wolf.
Your wolf completely misses the yak.
Your wolf bites the yak.
Your wolf bites the yak.
The yak gores your wolf!
Your wolf dies!
Your wolf's corpse disappears in a puff of smoke!
Your lightning spire shoots out a bolt of lightning at the yak!
The bolt of electricity hits the yak!
Casting: Summon Lightning Spire (dangerous; 4% risk of failure)
Confirm with . or Enter, or press ? or * to list all spells.
A guardian golem appears, shielding your allies.
Unknown command.
You aren't wearing any pieces of armour.
Unknown command.
You aren't wearing any pieces of armour.
The yak completely misses you. The yak gores you!
As you read the scroll labelled WYULYF ZOUMAMERE, it crumbles to dust.
It is a scroll of enchant armour.
You aren't carrying any armour which can be enchanted further.
The yak gores you!
* * * LOW HITPOINT WARNING * * *
The yak barely misses you.
Unknown command.
There are monsters nearby!
Casting: Summon Small Mammal (safe; 1% risk of failure)
Press: ? - help, Q - select action, (/) - cycle Dir - look around, f - activate The yak gores you!
* * * LOW HITPOINT WARNING * * *
The yak gores you.
You die...
Your body crumbles into a pile of gold.

####.....# ##..~...##
#...~~...###+#######
##.+...~............# #+####
...)................### .....#
........#...........'.##....(#
.......##...........#°§#...^.#
.......##........YY.##W#.....#
........#......9@Y..##Y#Y.(..#
................Y.r.##YY§.(..+
.......##.........8.####.....#
###'######...#..#+### .....#
##.# #..#......# .....# #..#
#.###.....# .....# ##.## #
#⌠_..∩..# #+#### ...#
#.###.....# #### #..#.....##


You could see 4 yaks, a friendly guardian golem (summoned), a friendly lightning
spire (summoned, sheltered) and a friendly quokka (summoned).

Vanquished Creatures
  Psyche (D:10)
  2 yaks (D:10)
  Menkaure (D:4)
  An orc warrior (D:8)
  A sky beast (D:7)
  An ogre (D:6)
  2 centaurs
  2 lemures (D:6)
  A phantom (D:5)
  3 bullfrogs
  A kobold brigand (D:10)
  A necrophage (D:6)
  A scorpion (D:4)
  2 killer bees (D:7)
  A hound (D:6)
  2 orc priests
  3 orc wizards
  4 iguanas
  4 adders (D:4)
  A white imp (D:7)
  A worm (D:5)
  2 dart slugs (D:2)
  14 orcs
  A bat (D:2)
  2 endoplasms (D:4)
  3 giant cockroaches (D:4)
  4 goblins
  3 hobgoblins
  2 jackals (D:2)
  2 quokkas
  2 ball pythons
  A frilled lizard (D:2)
  12 kobolds
84 creatures vanquished.

Vanquished Creatures (collateral kills)
  Pikel (D:6)
  A deep elf pyromancer (D:9)
  A komodo dragon (D:8)
  A kobold demonologist (D:9)
  A troll (D:10)
  Grinder (D:5)
  A yak (D:10)
  3 water moccasins
  An ice beast (D:6)
  A black bear (D:8)
  A sky beast (D:7)
  An ogre (D:6)
  2 centaurs
  A phantom (D:5)
  2 kobold brigands
  2 lemures (D:6)
  3 bullfrogs
  A gnoll sergeant (D:7)
  3 necrophages
  A scorpion (D:5)
  4 killer bees
  2 hounds (D:4)
  5 jellies
  2 gnoll boudas
  2 orc priests
  6 orc wizards
  4 adders
  5 gnolls
  An ufetubus (D:4)
  A worm (D:2)
  2 dart slugs (D:2)
  25 orcs
  A bat (D:2)
  2 goblins
  3 hobgoblins
  5 jackals
  2 quokkas
  5 ball pythons
  2 frilled lizards
  7 kobolds
  2 rats
117 creatures vanquished.

Vanquished Creatures (others)
  A boulder beetle (D:9)
  A centaur warrior (D:9)
  A manticore (D:7)
  A troll (D:10)
  3 wyverns
  6 yaks
  A wraith (D:10)
  2 steam dragons
  A water moccasin (D:5)
  3 orc warriors
  An ice beast (D:8)
  3 black bears
  A kobold brigand (D:7)
  A gnoll sergeant (D:7)
  A scorpion (D:8)
  3 wights (D:7)
  A killer bee (D:9)
  Crazy Yiuf (D:5)
  An orc (D:8)
  7 kobolds (D:7)
  8 fungi (D:8)
  7 plants (D:8)
55 creatures vanquished.

Grand Total: 256 creatures vanquished

Notes
Turn   | Place    | Note
-------+----------+-------------------------------------------
     0 | D:1      | croobank the Octopode Summoner began the quest for the Orb.
     0 | D:1      | Reached XP level 1. HP: 11/11 MP: 3/3
   147 | D:1      | Found Biucuidgh's General Store.
   240 | D:1      | Found a faded altar of an unknown god.
   380 | D:1      | Reached XP level 2. HP: 17/18 MP: 1/5
   383 | D:1      | Learned a level 2 spell: Call Imp
  1259 | D:2      | Reached skill level 1 in Fighting
  1322 | D:2      | Reached XP level 3. HP: 23/23 MP: 6/6
  1624 | D:2      | Learned a level 3 spell: Call Canine Familiar
  2428 | D:3      | Reached XP level 4. HP: 28/28 MP: 5/7
  3853 | D:4      | Noticed Menkaure
  3864 | D:4      | Killed Menkaure
  3865 | D:4      | Reached skill level 1 in Transmutations
  3865 | D:4      | Reached skill level 1 in Air Magic
  3865 | D:4      | Reached XP level 5. HP: 9/35 MP: 6/9
  3865 | D:4      | Reached XP level 6. HP: 11/41 MP: 6/10
  4668 | D:4      | Reached skill level 5 in Summonings
  5001 | D:4      | Noticed a black bear
  5164 | D:3      | Learned a level 3 spell: Summon Guardian Golem
  5278 | D:4      | Reached XP level 7. HP: 45/46 MP: 5/12
  5659 | D:4      | Learned a level 4 spell: Summon Lightning Spire
  5969 | D:5      | Entered Level 5 of the Dungeon
  5977 | D:5      | Noticed Grinder
  6273 | D:5      | Reached XP level 8. HP: 54/54 MP: 7/14
  7080 | D:5      | Killed Grinder
  7081 | D:5      | Reached skill level 6 in Summonings
  7092 | D:5      | Reached skill level 5 in Dodging
  7295 | D:5      | Found a runed translucent door.
  7296 | D:5      | Noticed Crazy Yiuf
  7313 | D:5      | Killed Crazy Yiuf
  7981 | D:6      | Found Tutitin's Antique Weapon Boutique.
  8005 | D:6      | Reached XP level 9. HP: 60/60 MP: 6/16
  8045 | D:6      | Reached skill level 5 in Fighting
  8045 | D:6      | Reached skill level 5 in Spellcasting
  8184 | D:6      | Found a basalt altar of Yredelemnul.
  8203 | D:6      | Noticed Pikel
  8252 | D:6      | Killed Pikel
  8907 | D:7      | Reached skill level 7 in Summonings
  9088 | D:7      | Noticed a manticore
  9097 | D:7      | Killed a manticore
  9211 | D:7      | Reached XP level 10. HP: 68/68 MP: 8/19
 10884 | D:7      | Found a staircase to the Ecumenical Temple.
 10894 | Temple   | Entered the Ecumenical Temple
 10953 | Temple   | Became a worshipper of Gozag Ym Sagoz the Greedy
 11213 | D:7      | Found a burning altar of Makhleb.
 11213 | D:7      | Noticed a blizzard demon
 12207 | D:8      | Found a staircase to the Lair.
 12234 | D:8      | Reached skill level 8 in Summonings
 12638 | D:8      | Found a bloodstained altar of Trog.
 12746 | D:8      | HP: 3/71 [wyvern (8)]
 12753 | D:8      | HP: 1/71 [themself (11)]
 13845 | D:8      | Found a sparkling altar of Nemelex Xobeh.
 14202 | D:9      | Noticed a kobold demonologist
 14212 | D:9      | Killed a kobold demonologist
 14277 | D:9      | Reached XP level 11. HP: 75/75 MP: 12/21
 14727 | D:9      | Reached skill level 5 in Air Magic
 14737 | D:9      | Reached skill level 5 in Transmutations
 15798 | D:9      | Noticed a centaur warrior
 15805 | D:9      | Noticed a boulder beetle
 15814 | D:9      | Killed a centaur warrior
 15822 | D:9      | Killed a boulder beetle
 15955 | D:9      | Noticed a deep elf pyromancer
 15967 | D:9      | Killed a deep elf pyromancer
 16322 | D:1      | Bought a book of the Sky for 484 gold pieces
 16322 | D:1      | Bought a scroll of silence for 104 gold pieces
 16322 | D:1      | Bought a potion of might for 44 gold pieces
 16322 | D:1      | Bought a scroll of amnesia for 44 gold pieces
 16505 | D:10     | Entered Level 10 of the Dungeon
 16529 | D:10     | Noticed Psyche
 16550 | D:10     | Killed Psyche
 16551 | D:10     | Reached skill level 9 in Summonings
 16593 | D:10     | Identified 3 scrolls of acquirement
 16752 | D:10     | Acquired a staff of air
 16754 | D:10     | Acquired the +4 scimitar of Famine {vorpal, rF+++ Str+6
                  | Int-2}
 16756 | D:10     | Acquired a ring of see invisible
 16949 | D:10     | Found Zin's Purification Station.
 16949 | D:10     | Found a glowing silver altar of Zin.
 16961 | D:10     | Bought a potion of curing for 90 gold pieces
 17022 | D:10     | Slain by a yak

Illustrated notes

Levels and vault maps discovered:
D:1:      roderic_crossed_star, layout_basic, serial_shops, nicolae_shop_trees,
          ebering_ecumenical_altar_box, serial_corexii_hall,
          corexii_hall_statues_s, corexii_hall_statues_i,
          corexii_hall_statues_i, lemuel_flame_loot_1
D:2:      minmay_skewed_foursquare, layout_basic
D:3:      layout_basic
D:4:      minmay_chambers_of_threes, layout_loops_corners, minmay_circle_x,
          uniq_menkaure
D:5:      layout_cave_pods, uniq_crazy_yiuf_cottage, uniq_grinder
D:6:      layout_gridville, mainiacjoe_overflow_surrounded_room, serial_shops,
          nicolae_shop_crystal, uniq_pikel
D:7:      layout_loops_ring, makhleb_altar_promises_db, temple_statues,
          enter_bailey_4, roderic_lattice_a, kennysheep_generic_room_15
D:8:      layout_gridville, nemelex_diamond_rough_becter,
          nicolae_overflow_crystal_walls, grunt_lair_entry_orc_guard_hut,
          minmay_fractal_squares_diagonal_5
D:9:      minmay_cornered_nines, layout_basic
D:10:     layout_roguey, lemuel_round_altar, zin_purify,
          chequers_serial_rivers_micro_c, uniq_psyche
Temple:   kb_temple_of_zot

Skill      XL: |  1  2  3  4  5  6  7  8  9 10 11 |
---------------+----------------------------------+-----
Fighting       | 1 2 3 4 6 7 8 |  8.2
Dodging        | 3 4 5 6 7 8 |  8.4
Spellcasting   | 3 4 6 7 |  7.8
Transmutations | 1 2 3 4 5 |  5.5
Air Magic      | 1 2 3 4 5 |  5.5
Summonings     | 5 6 7 8 9 |  9.1
Stealth        | |  2.6

Action                   |  1- 3 |  4- 6 |  7- 9 | 10-12 || total
-------------------------+-------+-------+-------+-------++-------
Melee: Spear             |     4 |       |       |       ||     4
       Tentacles         |     3 |     5 |    18 |    26 ||    52
       Constrict         |     8 |    11 |    11 |    20 ||    50
       Dagger            |    14 |    43 |    29 |       ||    86
       Quarterstaff      |       |       |    33 |    70 ||   103
       Punch             |       |       |       |     2 ||     2
       Scimitar          |       |       |       |    30 ||    30
 Cast: Summon Small Mamm |    39 |    18 |    44 |    42 ||   143
       Call Imp          |    14 |    12 |    17 |    15 ||    58
       Call Canine Famil |     2 |    15 |    25 |    34 ||    76
       Summon Guardian G |       |     1 |    22 |    37 ||    60
       Summon Lightning  |       |       |       |    19 ||    19
Invok: Potion Petition   |       |       |       |     1 ||     1
  Use: Scroll            |       |     7 |     3 |    15 ||    25
       Potion            |       |       |     1 |     9 ||    10
 Stab: Sleeping          |     1 |     6 |     3 |       ||    10
       Distracted        |       |     1 |     4 |       ||     5
       Confused          |       |       |       |     1 ||     1
Armor: Skin              |     1 |     2 |     5 |     5 ||    13
Dodge: Dodged            |    10 |    37 |    40 |   140 ||   227
